 Dungeon Crawl Stone Soup version 0.27.1-33-g824d729ab1 (webtiles) character file.

Game seed: 17314558151947351214

380 zeram the Poker (level 6, -3/42 HPs)
             Began as an Octopode Fighter on Dec 21, 2021.
             Splashed by an acid dragon's acid (9 damage)
             ... on level 4 of the Dungeon.
             The game lasted 00:05:41 (3754 turns).

zeram the Poker (Octopode Fighter)                  Turns: 3754, Time: 00:05:42

Health: -3/42      AC:  1    Str: 15    XL:     6   Next: 75%
Magic:  6/6        EV: 12    Int: 13    God:
Gold:   240        SH: 11    Dex: 11    Spells: 2/5 levels left

rFire    . . .     SeeInvis .   a - +0 trident
rCold    . . .     Faith    .   b - +2 kite shield
rNeg     . . .     Spirit   .   (helmet restricted)
rPois    .         Reflect  .   (no amulet)
rElec    .         Harm     .   (no ring)
rCorr    .         Rampage  .   (no ring)
Will     .....                  (no ring)
Stlth    ++........             (no ring)
HPRegen  0.14/turn              (no ring)
MPRegen  0.10/turn              (no ring)
                                (no ring)
                                (no ring)

@: mighty
A: almost no armour, amphibious, 8 rings, camouflage 1, gelatinous body 1,
(nimble swimmer 1), tentacles
a: no special abilities


You were on level 4 of the Dungeon.
You visited 1 branch of the dungeon, and saw 4 of its levels.
You also visited: Sewer.

You collected 240 gold pieces.

Inventory:

Hand Weapons
 a - a +0 trident (weapon)
 i - a +3 dagger
Armour
 b - a +2 kite shield (worn)
Jewellery
 m - an amulet of faith
Scrolls
 g - a scroll of identify
 k - a scroll of amnesia
Potions
 c - a potion of might
 d - a potion of degeneration
 e - 2 potions of flight
 f - a potion of curing
 h - a potion of mutation {unknown}
 j - a potion of ambrosia {unknown}


   Skills:
 - Level 3.0 Fighting
 + Level 5.2 Polearms
 + Level 4.1 Dodging
 + Level 4.5 Shields


You had 2 spell levels left.
You knew the following spells:

 Your Spells              Type           Power      Damage    Failure   Level
a - Vampiric Draining     Necr           0%         2d6       98%         3

Your spell library contained the following spells:

 Spells                   Type           Power      Damage    Failure   Level
 Slow                     Hex            0%         N/A       87%         2
 Confusing Touch          Hex            0%         N/A       98%         3


Dungeon Overview and Level Annotations

Branches:
Dungeon (4/15)              Sewer (visited)
 Temple: D:4-7

Altars:
The Shining One

Shops:
D:2 [


Innate Abilities, Weirdness & Mutations

You cannot wear most types of armour.
You are amphibious.
You can wear up to eight rings at the same time.
Your skin changes colour to match your surroundings (Stealth+).
Your rubbery body absorbs attacks. (AC +1, EV +1)
((You are camouflaged near water. (Stealth+)))
You have tentacles for arms and can constrict up to eight enemies at once.


Message History

You hit the acid dragon but do no damage.
The acid dragon is lightly wounded.
The acid dragon misses you. You block the acid dragon's attack.
The goblin barely misses you.
You barely miss the acid dragon. You squeeze the acid dragon!
The acid dragon is heavily wounded.
You block the acid dragon's attack. The acid dragon misses you.
The goblin hits you with a +0 dagger. The acid dragon bites you!
The acid dragon barely misses you.
You are too injured to fight recklessly!
You are too injured to fight recklessly!
You are too injured to fight recklessly!
You are too injured to fight recklessly!
You are too injured to fight recklessly!
You are too injured to fight recklessly!
You are too injured to fight recklessly!
You are too injured to fight recklessly!
You are too injured to fight recklessly!
You are too injured to fight recklessly!
Unknown command.
You feel better. You block the goblin's attack.
You block the acid dragon's attack. The acid dragon claws you.
You feel very mighty all of a sudden. The goblin hits you with a +0 dagger.
The acid dragon barely misses you.
The acid dragon claws you but does no damage.
You barely miss the acid dragon.
The acid dragon is heavily wounded.
You block the goblin's attack. The acid dragon closely misses you.
The acid dragon barely misses you.
You barely miss the acid dragon.
The acid dragon is heavily wounded.
The goblin barely misses you. The acid dragon bites you!
You block the acid dragon's attack. You block the goblin's attack.
You completely miss the acid dragon.
The acid dragon is heavily wounded.
The acid dragon spits acid at you. The splash of acid hits you!
* * * LOW HITPOINT WARNING * * *
You are splashed with acid!
You die...

#..#. #..#. #..#. #..#. #..#.
#..#. # #..#.
#.###############..#.
#..g@................
###########...D..###############
..........+......+ .......
#........#......# #######
#........#......# #
#........#......#
#........######## #.......<#
+........# #####


You could see an acid dragon (catching breath) and a goblin.

Vanquished Creatures
  An ogre (D:3)
  A kobold brigand (Sewer)
  A scorpion (D:4)
  A howler monkey (D:4)
  A hound (D:4)
  4 adders
  A gnoll (D:1)
  2 worms
  3 dart slugs
  4 endoplasms
  A giant cockroach (D:4)
  5 goblins
  5 hobgoblins
  5 jackals
  2 quokkas
  4 ball pythons
  6 bats
  2 frilled lizards
  15 kobolds
  10 rats
74 creatures vanquished.

Vanquished Creatures (others)
  2 toadstools (D:1)
2 creatures vanquished.

Grand Total: 76 creatures vanquished

Notes
Turn   | Place    | Note
-------+----------+-------------------------------------------
     0 | D:1      | zeram the Octopode Fighter began the quest for the Orb.
     0 | D:1      | Reached XP level 1. HP: 16/16 MP: 1/1
   176 | D:1      | Reached XP level 2. HP: 21/21 MP: 2/2
   554 | D:1      | Reached XP level 3. HP: 26/26 MP: 3/3
   759 | D:1      | Found a faded altar of an unknown god.
  1309 | D:2      | Found a glowing golden altar of the Shining One.
  1579 | D:2      | Reached skill level 3 in Polearms
  1579 | D:2      | Reached XP level 4. HP: 27/31 MP: 4/4
  1675 | D:2      | Found Maozio Asal's Antique Armour Shoppe.
  1980 | D:3      | Found a glowing drain.
  1995 | Sewer    | Entered a sewer
  2072 | Sewer    | Noticed a kobold brigand
  2082 | Sewer    | HP: 1/31 [kobold (2)]
  2112 | Sewer    | Killed a kobold brigand
  2113 | Sewer    | Reached XP level 5. HP: 20/36 MP: 5/5
  2557 | Sewer    | Found a white marble altar of Elyvilon.
  2673 | D:3      | Reached skill level 4 in Polearms
  2965 | D:3      | Noticed an ogre
  3322 | D:3      | Killed an ogre
  3323 | D:3      | Reached XP level 6. HP: 42/42 MP: 6/6
  3327 | D:3      | Learned a level 3 spell: Vampiric Draining
  3459 | D:4      | Reached skill level 5 in Polearms
  3737 | D:4      | Noticed an acid dragon
  3754 | D:4      | Splashed by an acid dragon's acid

Illustrated notes

Levels and vault maps discovered:
D:1:      minmay_arrival_four_circles, layout_basic,
          shapermc_ecumenical_altar_totnotflames, fountainhead,
          chequers_serial_rivers_small_b, minmay_gold_behind_fungi,
          minmay_statues_item
D:2:      layout_loops_ring, basic_altar, serial_shops, nicolae_shop_crystal
D:3:      layout_basic, cheibrodos_sewer_entry_bend
D:4:      layout_basic

Skill      XL: |  1  2  3  4  5  6 |
---------------+-------------------+-----
Polearms       | 3 4 5 |  5.2
Shields        | 4 |  4.5
Dodging        | 4 |  4.1
Fighting       | |  3.0

Action                   |  1- 3 |  4- 6 || total
-------------------------+-------+-------++-------
Melee: Trident           |    63 |   107 ||   170
       Tentacles         |    13 |    10 ||    23
       Constrict         |    14 |    16 ||    30
  Use: Potion            |       |     9 ||     9
       Scroll            |       |     5 ||     5
 Stab: Sleeping          |     7 |     9 ||    16
       Distracted        |       |     1 ||     1
Armor: Skin              |     2 |     7 ||     9
Dodge: Dodged            |    13 |    60 ||    73
Block: Kite shield       |    18 |    58 ||    76
